 Dungeon Crawl Stone Soup version 0.28.0 (webtiles) character file.

Game seed: 11763400636439594855

44 themarg the Caller (level 3, -1/19 HPs)
             Began as a Tengu Summoner on Feb 14, 2022.
             Was a Follower of Nemelex Xobeh.
             Slain by an adder (2 damage)
             ... on level 2 of the Dungeon.
             The game lasted 00:08:02 (1339 turns).

themarg the Caller (Tengu Summoner)                 Turns: 1339, Time: 00:08:04

Health: -1/19      AC:  2    Str:  8    XL:     3   Next: 62%
Magic:  5/7        EV: 12    Int: 17    God:    Nemelex Xobeh [*.....]
Gold:   54         SH:  0    Dex: 14    Spells: 5/6 levels left

rFire   . . .      SeeInvis .   i - +0 spear
rCold   . . .      Faith    .   (no shield)
rNeg    + . .      Spirit   .   a - +0 robe
rPois   .          Reflect  .   (helmet restricted)
rElec   .          Harm     .   (no cloak)
rCorr   .          Rampage  .   (no gloves)
Will    .....                   (boots unavailable)
Stlth   ++........              (no amulet)
HPRegen 0.06/turn               c - ring of positive energy
MPRegen 0.10/turn               (no ring)

@: no status effects
A: beak, talons 3
a: Renounce Religion, Draw Escape, Draw Destruction, Draw Summoning


You were on level 2 of the Dungeon.
You worshipped Nemelex Xobeh.
Nemelex Xobeh was aware of your devotion.
You visited 1 branch of the dungeon, and saw 2 of its levels.

You collected 54 gold pieces.

Inventory:

Hand Weapons
 b - a +0 hunting sling
 e - a +0 short sword
 i - a +0 spear (weapon)
Missiles
 j - 3 poisoned darts
 k - 10 stones
Armour
 a - a +0 robe (worn)
Jewellery
 c - a ring of positive energy (left hand)
Scrolls
 d - a scroll of noise {unknown}
Potions
 f - a potion of might {unknown}
 g - a potion of cancellation {unknown}
 h - a potion of curing {unknown}


   Skills:
 + Level 2.8 Dodging
 + Level 2.7 Stealth
 + Level 2.4 Spellcasting
 + Level 5.2 Summonings


You had 5 spell levels left.
You knew the following spells:

 Your Spells              Type           Power      Damage    Failure   Level
a - Summon Small Mammal   Summ           76%        N/A       2%          1

Your spell library contained the following spells:

 Spells                   Type           Power      Damage    Failure   Level
 Call Imp                 Summ           19%        N/A       3%          2
 Call Canine Familiar     Summ           19%        N/A       6%          3
 Summon Guardian Golem    Hex/Summ       10%        N/A       19%         3
 Summon Lightning Spire   Summ/Air       10%        N/A       54%         4


Dungeon Overview and Level Annotations

Branches:
Dungeon (2/15)

Altars:
Nemelex Xobeh


Innate Abilities, Weirdness & Mutations

You have a beak for a mouth.
You have claws for feet.


Message History

Guard this area!
Your quokka misses the quokka. The quokka barely misses your quokka.
Your quokka bites the quokka but does no damage.
The quokka closely misses your quokka. Something bites your quokka.
Your quokka dies!
Your quokka's corpse disappears in a puff of smoke!
Casting: Summon Small Mammal (safe; 2% risk of failure)
Confirm with . or Enter, or press ? or * to list all spells.
The quokka bites your bat.
Your bat dies!
Your bat's corpse disappears in a puff of smoke!
Casting: Summon Small Mammal (safe; 2% risk of failure)
Confirm with . or Enter, or press ? or * to list all spells.
Your rat bites the quokka but does no damage.
Your rat bites the quokka.
The quokka misses you.
Casting: Summon Small Mammal (safe; 2% risk of failure)
Confirm with . or Enter, or press ? or * to list all spells.
The adder bites you.
You are poisoned.
The adder poisons you! The quokka bites you.
Your rat bites the quokka.
You feel sick. The adder closely misses you.
Your rat bites the adder but does no damage.
You feel sick.
Your rat closely misses the adder.
Your rat misses the adder.
You feel sick. The quokka closely misses you.
Your rat closely misses the adder.
You feel sick.
You closely miss the quokka. You peck the quokka.
You kill the quokka!
You feel sick.
You hit the adder. Your kick misses the adder.
The adder is moderately wounded.
You feel sick.
You are no longer poisoned.
The adder bites you.
* * * LOW HITPOINT WARNING * * *
The adder bites you.
You die...
Your body glows slightly and disappears.

# #.+.♣.⌠..'.#
#######.#≈♣.♣♣≈###
........#≈≈..≈≈#
######..###''###
#.#.#...#
#.#>#.#######
#.#.........#
#.#########.# ###
#.# #@# ..# #.# #S#
#.####.#########r#
.....#........##.###
#.##.########...r..#
.#.........##......#
..#................#
.......#.#.#.#>....#
.)...#.#.#.#.#.....#


You could see an adder (ally target) and 2 friendly rats.

Vanquished Creatures
  A goblin (D:1)
  4 quokkas
  3 bats (D:1)
  2 kobolds (D:1)
  2 rats
12 creatures vanquished.

Vanquished Creatures (collateral kills)
  2 adders (D:2)
  A dart slug (D:1)
  A giant cockroach (D:2)
  3 goblins
  A hobgoblin (D:1)
  A kobold (D:2)
  A quokka (D:1)
  2 ball pythons (D:1)
  A frilled lizard (D:2)
  A rat (D:1)
14 creatures vanquished.

Grand Total: 26 creatures vanquished

Notes
Turn   | Place    | Note
-------+----------+-------------------------------------------
     0 | D:1      | themarg the Tengu Summoner began the quest for the Orb.
     0 | D:1      | Reached XP level 1. HP: 10/10 MP: 4/4
   301 | D:1      | Reached XP level 2. HP: 9/15 MP: 3/6
   474 | D:1      | Found a faded altar of an unknown god.
   497 | D:1      | Reached skill level 5 in Summonings
   507 | D:1      | Prayed at the altar of an unknown god.
   507 | D:1      | Became a worshipper of Nemelex Xobeh the Trickster
   507 | D:1      | Reached * piety under Nemelex Xobeh
  1028 | D:2      | Received a gift from Nemelex Xobeh
  1125 | D:2      | Reached XP level 3. HP: 19/19 MP: 5/7
  1339 | D:2      | Slain by an adder

Illustrated notes

Levels and vault maps discovered:
D:1:      tarquinn_simple_flora_water_d, layout_rooms,
          hellmonk_ecumenical_altar_arch_garden
D:2:      minmay_skewed_foursquare, layout_loops_ring,
          kennysheep_generic_room_12, uniq_crazy_yiuf_cottage

Skill      XL: |  1  2 |
---------------+-------+-----
Summonings     | 5 |  5.2
Dodging        | |  2.8
Stealth        | |  2.7
Spellcasting   | |  2.4

Action                   || total
-------------------------++-------
Melee: Short sword       ||    19
       Kick              ||     8
       Peck              ||     3
       Spear             ||    14
 Cast: Summon Small Mamm ||    41
 Stab: Sleeping          ||     1
Armor: Robe              ||     3
Dodge: Dodged            ||    17
